 Dungeon Crawl Stone Soup version 0.18.1-48-g4cf74bf (webtiles) character file.

31 Gargoyl the Skirmisher (level 3, -1/29 HPs)
             Began as a Demonspawn Abyssal Knight on June 27, 2016.
             Was a Follower of Lugonu.
             Slain by a goblin (3 damage)
             ... led by Robin
             ... on level 2 of the Dungeon.
             The game lasted 00:02:28 (1838 turns).

Gargoyl the Skirmisher (Demonspawn Abyssal Knight)  Turns: 1838, Time: 00:02:29

Health: -1/29      AC:  8    Str: 13    XL:     3   Next: 7%
Magic:  4/4        EV: 11    Int: 13    God:    Lugonu [*.....]
Gold:   41         SH:  0    Dex: 17    Spells: 0 memorised, 2 levels left

rFire  . . .     SeeInvis .     a - +1 hand axe
rCold  . . .     Gourm    .     d - +0 chain mail
rNeg   . . .     Faith    .     (no shield)
rPois  .         Spirit   .     (helmet restricted)
rElec  .         Dismiss  .     (no cloak)
rCorr  .         Reflect  .     (no gloves)
SustAt .         Harm     .     (no boots)
MR     .....                    (no amulet)
Stlth  +.........               (no ring)
                                f - ring of stealth

@: agile, not resistant to hostile enchantments, very unstealthy
A: antennae 2
a: Depart the Abyss, Renounce Religion


You were on level 2 of the Dungeon.
You worshipped Lugonu.
Lugonu was aware of your devotion.
You were not hungry.

You visited 1 branch of the dungeon, and saw 2 of its levels.
You visited the Abyss 1 time.

You collected 41 gold pieces.

Inventory:

Hand Weapons
 a - a +1 hand axe (weapon)
Armour
 d - a +0 chain mail (worn)
Jewellery
 f - a ring of stealth (left hand)
Scrolls
 b - 2 scrolls of identify {unknown}
 e - a scroll of random uselessness {unknown}
 g - 3 scrolls of remove curse {unknown}
 j - a scroll of magic mapping {unknown}
 k - a scroll of recharging {unknown}
 m - a scroll of fog {unknown}
Comestibles
 c - a bread ration
 i - a meat ration
 l - 2 fruits


   Skills:
 + Level 3.4 Fighting
 + Level 2.1 Axes
 * Level 2.4 Armour
 + Level 1.0 Dodging
 + Level 2.5 Invocations


You had 2 spell levels left.
You didn't know any spells.

Dungeon Overview and Level Annotations

Branches:
Dungeon (2/15)

Altars:

Annotations:
D:2 Robin, Sigmund


Innate Abilities, Weirdness & Mutations

You have a pair of antennae on your head.


Message History

You closely miss the kobold.
The kobold is moderately wounded.
You hit the hobgoblin.
The hobgoblin is moderately wounded.
You hit the goblin.
The goblin is almost dead.
You hit the goblin.
You kill the goblin!
Lugonu accepts your kill.
You barely miss the hobgoblin.
The hobgoblin is severely wounded.
Robin throws the goblin at you! The goblin closely misses you.
The kobold hits you with a short sword. Something hits you!
* * * LOW HITPOINT WARNING * * *
The hobgoblin barely misses you.
The hobgoblin hits you but does no damage.
The kobold closely misses you.
Robin says, "Duck!"
The goblin hits you.
You die...

≈≈# ≈≈. ≈≈( #### ≈≈.
##...# ### ≈≈.
#.....########.## ≈≈.
...$.{.g........#####≈≈.
.....gg.g.........((.≈≈g
..>ggwg@g.........###≈≈.
...ggg#K######.#...##≈≈.
.#..g #.######..#.#.#≈≈≈
.g## #.##.........(.#≈≈
. #.##.##...#.#..##≈
##.##.##(.....#(# #
#..##........##.# . ...
#........))†##.# #. #.#
###........##.#


You could see a worm, Robin, 5 hobgoblins, 7 goblins and a kobold.

Vanquished Creatures
  An ooze (D:2)
  A giant cockroach (D:1)
  4 goblins (D:2)
  5 hobgoblins
  2 jackals (D:2)
  3 kobolds
  6 bats
  A rat (D:2)
23 creatures vanquished.

Notes
Turn   | Place    | Note
--------------------------------------------------------------
     0 | Abyss:1  | Gargoyl the Demonspawn Abyssal Knight began the quest for the Orb.
     0 | Abyss:1  | Reached XP level 1. HP: 18/18 MP: 2/2
   107 | Abyss:1  | Noticed a large abomination
   109 | Abyss:1  | Noticed a small abomination
   130 | D:1      | Escaped the Abyss
   828 | D:1      | Gained mutation: You have a pair of small antennae on your head. [demonic ancestry]
   828 | D:1      | Reached XP level 2. HP: 16/24 MP: 3/3
  1601 | D:2      | Reached * piety under Lugonu
  1601 | D:2      | Reached skill level 1 in Dodging
  1762 | D:2      | Gained mutation: You have a pair of antennae on your head. [demonic ancestry]
  1762 | D:2      | Reached XP level 3. HP: 28/29 MP: 4/4
  1829 | D:2      | Noticed Sigmund
  1835 | D:2      | Noticed Robin
  1838 | D:2      | Slain by a goblin

Skill      XL: |  1  2 |
---------------+-------+-----
Armour         | 2 |  2.4
Axes           | 2 |  2.1
Dodging        | 1 |  1.0
Fighting       | |  3.4
Invocations    | |  2.5

Action                   || total
-------------------------++-------
Melee: Hand axe          ||    72
Invok: Depart the Abyss  ||     1
  Use: Potion            ||     1
  Eat: Chunk             ||     3
Armor: Chain mail        ||    79
Dodge: Dodged            ||    44
